 Dungeon Crawl Stone Soup version 0.31-a0-1308-ga3cce3a448 (webtiles) character file.

Game seed: 34453068048904298

57 jasper the Grave Robber (level 3, 0/43 HPs)
             Began as a Demonspawn Necromancer on Dec 19, 2023.
             Slain by Grinder (5 damage)
             ... on level 3 of the Dungeon.
             The game lasted 00:02:52 (1491 turns).

jasper the Grave Robber (Demonspawn Necromancer)    Turns: 1491, Time: 00:02:53

Health: 0/43       AC: 21    Str:  8    XL:     3   Next: 73%
Magic:  6/6        EV:  2    Int: 17    God:
Gold:   55         SH:  0    Dex: 19    Spells: 5/6 levels left

rFire   . . .        (no weapon)
rCold   . . .        (no shield)
rNeg    . . .        a - melded +0 robe
rPois   +            m - melded +1 helmet
rElec   .            (cloak currently unavailable)
rCorr   .            (gloves currently unavailable)
SInv    .            (boots currently unavailable)
Will    +....        (no amulet)
Stlth   ++           i - ring of willpower
HPRegen 0.27/turn    l - +6 ring of dexterity
MPRegen 0.10/turn

%: no passive effects
@: tree-form
A: stationary, stasis, torment immunity, boosted hp, demonic magic 1
a: no special abilities


You were on level 3 of the Dungeon.
You were a tree.
You visited 1 branch of the dungeon, and saw 3 of its levels.

You collected 85 gold pieces.
You spent 30 gold pieces at shops.

Inventory:

Hand Weapons
 d - a +0 club
 n - a +0 spear
 p - a +0 short sword of protection
 u - a +0 dagger of venom
Armour
 a - a +0 robe (melded)
 m - a +1 helmet (melded)
 v - a +0 ring mail
Jewellery
 i - a ring of willpower (left branch)
 l - a +6 ring of dexterity (right branch)
 w - a ring of flight
Talismans
 h - a beast talisman
Scrolls
 e - a scroll of noise {unknown}
 f - 3 scrolls of fog {unknown}
 g - 2 scrolls of teleportation {unknown}
 k - 2 scrolls of identify {unknown}
 s - a scroll of amnesia {unknown}
 t - a scroll of immolation {unknown}
Potions
 b - a potion of magic
 r - a potion of mutation {unknown}


   Skills:
 + Level 3.4 Fighting
 - Level 1.7 Dodging
 - Level 1.7 Stealth
 - Level 2.0 Spellcasting
 - Level 4.3 Necromancy


You had 5 spell levels left.
You knew the following spells:

 Your Spells              Type           Power      Damage    Failure   Level
a - Necrotise             Necr           64%        1d7       3%          1

Your spell library contained the following spells:

 Spells                   Type           Power      Damage    Failure   Level
 Vampiric Draining        Necr           16%        2d7       10%         3
 Animate Dead             Necr           16%        N/A       32%         4
 Agony                    Necr           16%        N/A       65%         5


Dungeon Overview and Level Annotations

Branches:
Dungeon (3/15)

Altars:

Shops:
D:1 !

Annotations:
D:3 Grinder


Innate Abilities, Weirdness & Mutations

You are a tree.
Your roots penetrate the ground, keeping you stationary.
You cannot be teleported.
You are immune to unholy pain and torment.
Your maximum health is greatly increased.
Your equipment is partially melded.
Spells you cast may paralyse adjacent enemies.


Message History

You now have 8/43 hp.
You aren't carrying any items that you can evoke.
Okay, then.
Grinder says, "DUCK!"
You hit Grinder but do no damage.
Grinder is moderately wounded.
Grinder sighs, "No one appreciates my work."
Grinder gestures at you.
You easily resist.
You hit Grinder but do no damage.
Grinder is moderately wounded.
Grinder gestures at you.
You suddenly lose the ability to move!
Grinder hits you but does no damage.
You can move again.
Unknown command.
Unknown command.
Your +0 dagger of venom stops dripping with poison.
You are now empty-handed.
Grinder completely misses you.
You hit Grinder.
Grinder is moderately wounded.
Grinder looks more healthy.
Grinder hits you!
* * * LOW HITPOINT WARNING * * *
You take 7 damage, and have 3/43 hp.
You hit Grinder.
Grinder is heavily wounded.
Grinder gestures at you.
You easily resist.
You closely miss Grinder.
Grinder is heavily wounded.
Grinder blinks!
Grinder says, "There's only one good use for a tongue: cutting it out."
You closely miss Grinder.
Grinder is heavily wounded.
Grinder hits you but does no damage.
You hit Grinder.
Grinder is heavily wounded.
Grinder hits you.
You die...
Grinder says, "Hey, I wasn't done torturing you yet!"

#.....#
.....
...§. ...
... #.#
#.#
#######.#
#..♣5.!.#
#########


You could see Grinder.

Vanquished Creatures
  Robin (D:2)
  A dart slug (D:1)
  3 bats
  3 endoplasms (D:1)
  A giant cockroach (D:1)
  16 goblins
  3 hobgoblins
  2 kobolds
  A quokka (D:2)
  2 ball pythons
  6 rats
39 creatures vanquished.

Vanquished Creatures (collateral kills)
  A rat (D:2)
1 creature vanquished.

Grand Total: 40 creatures vanquished

Notes
Turn   | Place    | Note
-------+----------+-------------------------------------------
     0 | D:1      | jasper the Demonspawn Necromancer began the quest for the
                  | Orb.
     0 | D:1      | Reached XP level 1. HP: 13/13 MP: 3/3
    20 | D:1      | Found Tacioch's Distillery.
    66 | D:1      | Reached skill level 1 in Fighting
   328 | D:1      | Gained mutation: Spells you cast may paralyse adjacent
                  | enemies. [demonic ancestry]
   328 | D:1      | Reached XP level 2. HP: 21/22 MP: 3/5
   815 | D:1      | Bought a potion of curing for 30 gold pieces
  1081 | D:2      | Noticed Robin
  1084 | D:2      | Reached XP level 3. HP: 28/28 MP: 3/6
  1098 | D:2      | Killed Robin
  1462 | D:3      | Noticed Grinder
  1481 | D:3      | Paralysed by Grinder for 2 turns
  1491 | D:3      | Slain by Grinder

Illustrated notes

Levels and vault maps discovered:
D:1:      dpeg_arrival_tiny_b, layout_basic, serial_shops,
          nicolae_shop_statue_plus, hangedman_abyss_or_decor_lesser_grid
D:2:      layout_basic, uniq_robin
D:3:      layout_loops_ring, ebering_ecumenical_altar_box,
          kennysheep_small_spiral, minmay_misc_feat_ornament, minmay_liquid_box,
          uniq_grinder

Skill      XL: |  1  2  3 |
---------------+----------+-----
Fighting       | 1 2 3 |  3.4
Dodging        | |  1.7
Stealth        | |  1.7
Spellcasting   | |  2.0
Necromancy     | |  4.3

Action                     || total
---------------------------++-------
  Melee: Club              ||     7
         Short sword       ||    35
         Dagger            ||     9
         Unarmed           ||     5
   Cast: Necrotise         ||    47
    Use: Potion            ||     4
 Armour: Robe              ||    32
         Skin              ||     4
  Dodge: Dodged            ||    29

Table legend: (Time is in decaauts)
 A = Elapsed time spent in this place.
 B = Non-inter-level travel time spent in this place.
 C = Inter-level travel time spent in this place.
 D = Time resting spent in this place.
 E = Time spent auto-exploring this place.
 F = Levels seen in this place.
 G = Mean time per level.
                   A        B        C        D        E       F      G
               +--------+--------+--------+--------+--------+-----+--------+
         Total |   1489 |   1422 |     67 |      0 |   1125 |   3 |  496.3 |
       Dungeon |   1489 |   1422 |     67 |      0 |   1125 |   3 |  496.3 |
               +--------+--------+--------+--------+--------+-----+--------+

Top non-repeatable levels by time:
     D:1: 824 daAuts
     D:2: 633 daAuts
     D:3: 31 daAuts
